Map: Eternal Empire LE

Players

Ziggy

  • Race: Terran Terran
  • League: Grandmaster
  • Spawn Location: 1:00

PtitDrogo - Winner!

  • Race: Protoss Protoss
  • League: Grandmaster
  • Spawn Location: 7:00

Event: DreamHack SC2 Masters 2020 Summer Europe

VOD

Have the link to the VOD?

Description

Time

  • Played on: June 24, 2020, 12:23 p.m.
  • Length: 8:29

All games in this series

Show
View Real Time Build Order
Export as new Build Order

Ziggy Terran 

Build Orders: Gas First Reaper Expand 

Get SALT Encoding   

  12  0:00  SCV  
  13  0:12  SCV  
  14  0:17  Supply Depot  
  14  0:24  SCV  
  14  0:27  Refinery  
  15  0:38  SCV  
  16  0:45  Barracks  
  16  0:50  SCV  
  17  1:02  SCV  
  18  1:14  SCV  
  19  1:31  Reaper, Orbital Command  
  20  1:46  Command Center  
  20  1:58  SCV  
  21  2:01  Factory  
  21  2:05  Barracks Reactor  
  21  2:10  SCV  
  21  2:13  Supply Depot  
  22  2:22  SCV, Refinery  
  23  2:35  SCV  
  24  2:43  Marine x2  
  26  2:45  Widow Mine  
  26  2:48  SCV  
  28  2:51  Starport  
  28  2:57  Orbital Command  
  28  3:01  Marine x2  
  28  3:03  SCV  
  30  3:09  Widow Mine  
  32  3:15  SCV  
  32  3:19  Marine x2  
  34  3:28  SCV  
  34  3:30  Medivac  
  34  3:31  Factory Tech Lab  
  34  3:33  SCV  
  36  3:42  Marine x2  
  36  3:44  SCV  
  36  3:47  SCV  
  39  3:51  Siege Tank  
  42  3:56  SCV  
  42  3:58  Supply Depot  
  42  3:59  SCV  
  42  4:00  Marine  
  42  4:01  Marine  
  46  4:09  Supply Depot  
  46  4:19  SCV x2, Liberator  
  46  4:23  Supply Depot  
  51  4:31  SCV x2  
  51  4:32  Siege Tank  
  51  4:35  Marine x2  
  58  4:41  Supply Depot  
  58  4:43  SCV  
  58  4:44  SCV  
  60  4:53  Marine  
  60  4:55  Command Center  
  60  4:56  SCV x2  
  63  5:08  SCV  
  58  5:14  Engineering Bay, Barracks  
  58  5:15  Barracks  
  58  5:18  SCV  
  59  5:23  SCV  
  56  5:29  Stimpack, Marine  
  56  5:30  Factory Reactor  
  56  5:32  SCV  
  56  5:35  SCV, Engineering Bay  
  59  5:38  Refinery  
  59  5:39  Refinery  
  59  5:44  SCV  
  59  5:47  SCV, Starport Reactor  
  58  5:56  SCV  
  56  5:58  Marine  
  56  5:59  SCV  
  54  6:04  Terran Infantry Weapons Level 1, Terran Infantry Armor Level 1  
  54  6:06  Barracks Tech Lab  
  54  6:07  Widow Mine x2  
  54  6:08  SCV  
  54  6:09  Orbital Command  
  55  6:11  SCV  
  55  6:13  Barracks x2  
  55  6:16  Marine x3  
  58  6:25  SCV  
  57  6:27  Marauder  
  57  6:31  SCV, Medivac, Widow Mine  
  57  6:32  Widow Mine  
  64  6:34  Marauder  
  64  6:36  SCV  
  64  6:37  SCV  
  67  6:40  Marine x2  
  67  6:43  SCV, Combat Shield  
  66  6:48  SCV, Marauder  
  66  6:50  SCV, Medivac  
  71  6:56  Marauder  
  73  7:02  Marine x2, Barracks Tech Lab  
  73  7:03  Barracks Tech Lab  
  73  7:04  SCV, Orbital Command  
  73  7:06  Armory, SCV  
  77  7:09  Marauder  
  77  7:12  Concussive Shells  
  77  7:14  Widow Mine x2  
  83  7:16  SCV  
  83  7:21  SCV, Supply Depot x2  
  85  7:23  Supply Depot  
  85  7:24  Refinery  
  85  7:28  Marauder x2  
  89  7:31  SCV x2  
  89  7:32  Marine x2  
  93  7:42  SCV, Medivac  
  93  7:43  SCV, Medivac, Marauder x2  
  103  7:44  SCV  
  103  7:49  Refinery  
  104  7:51  Marine x2  
  104  7:54  SCV  
  104  7:55  SCV, Marauder  
  104  7:56  SCV, Widow Mine  
  113  8:00  Orbital Command  
  113  8:07  SCV  
Show
View Real Time Build Order
Export as new Build Order

PtitDrogo Protoss - Winner!

Build Orders: 1 Gate Expand, Zealot Archon 

Get SALT Encoding   

  12  0:00  Probe  
  13  0:12  Probe  
  14  0:17  Pylon  
  14  0:25  Probe  
  15  0:34  Probe  
  15  0:36  Gateway  
  15  0:42  Probe  
  16  0:47  Assimilator  
  17  0:52  Probe  
  18  1:04  Probe  
  19  1:23  Cybernetics Core  
  19  1:30  Nexus  
  19  1:32  Probe  
  20  1:39  Pylon  
  20  1:45  Assimilator  
  20  1:47  Probe  
  20  1:49  Adept  
  21  1:59  Probe  
  24  2:03  Warp Gate  
  24  2:09  Stalker  
  24  2:12  Probe  
  27  2:24  Probe  
  28  2:35  Robotics Facility  
  28  2:39  Probe  
  28  2:43  Probe  
  29  2:51  Probe x2  
  31  3:01  Probe  
  31  3:03  Probe  
  33  3:06  Stalker  
  35  3:13  Probe  
  35  3:15  Probe  
  37  3:21  Gateway  
  37  3:22  Gateway  
  37  3:25  Probe  
  38  3:28  Observer  
  38  3:31  Probe  
  40  3:41  Probe  
  40  3:45  Probe  
  40  3:47  Pylon, Observer  
  42  3:50  Probe  
  44  3:57  Probe  
  44  4:00  Probe, Nexus  
  44  4:02  Pylon  
  46  4:06  Sentry  
  46  4:07  Observer  
  46  4:08  Observer  
  46  4:09  Probe  
  50  4:10  Pylon  
  50  4:12  Probe  
  50  4:17  Assimilator  
  51  4:19  Sentry  
  51  4:20  Assimilator  
  51  4:21  Probe  
  54  4:25  Stalker  
  54  4:26  Probe  
  54  4:27  Observer  
  57  4:32  Stalker  
  57  4:33  Probe  
  61  4:38  Probe  
  61  4:42  Stalker  
  61  4:45  Probe  
  64  4:50  Probe  
  64  4:52  Pylon  
  65  4:56  Twilight Council  
  65  4:57  Probe  
  65  4:59  Forge  
  66  5:04  Stalker x2  
  70  5:10  Probe x2  
  70  5:19  Stalker  
  72  5:22  Probe x2  
  72  5:25  Protoss Ground Weapons Level 1  
  72  5:27  Probe  
  69  5:33  Stalker x2  
  69  5:34  Probe x2, Charge  
  75  5:38  Probe  
  76  5:43  Probe x2  
  76  5:46  Probe  
  75  5:51  Probe x2  
  75  5:54  Probe  
  76  6:00  Probe  
  76  6:01  Probe  
  75  6:05  Probe  
  76  6:12  Gateway  
  76  6:13  Probe  
  76  6:14  Gateway  
  76  6:15  Gateway  
  76  6:16  Gateway  
  76  6:17  Probe  
  76  6:18  Templar Archives, Gateway  
  78  6:22  Probe  
  79  6:27  Zealot x3  
  79  6:30  Probe, Assimilator  
  79  6:31  Assimilator  
  86  6:38  Warp Prism  
  86  6:40  Pylon  
  86  6:42  Probe  
  86  6:43  Pylon  
  87  6:50  Zealot x2  
  89  7:03  Probe  
  89  7:08  High Templar x2  
  94  7:09  Nexus  
  94  7:10  High Templar x2  
  94  7:11  Pylon  
  94  7:12  Pylon  
  94  7:13  Pylon, Zealot x3  
  94  7:14  Archon x2  
  104  7:23  Pylon x2  
  104  7:34  High Templar x2  
  104  7:36  Zealot x2  
  112  7:38  Archon  
  112  7:40  High Templar x2  
  112  7:42  Zealot x2  
  120  7:45  Archon  
  120  8:03  Zealot x4  
  132  8:09  Stalker x2  
  132  8:10  Photon Cannon  
Tags
 
Add a new tag
Caveats
  • Supply blocks, unpowered buildings, or Contaminate may cause inaccurate times.
  • Supply counts are checked every 10 seconds.